 Dungeon Crawl Stone Soup version 0.30-a0-953-g5f1da4a474 (webtiles) character file.

Game seed: 18016496225529816867

505 Jeffwins the Shooter (level 7, -4/54 HPs)
             Began as a Human Wanderer on Mar 29, 2023.
             Slain by a yak (15 damage)
             ... on level 4 of the Dungeon.
             The game lasted 00:06:13 (4702 turns).

Jeffwins the Shooter (Human Wanderer)               Turns: 4702, Time: 00:06:14

Health: -4/54      AC:  3    Str: 13    XL:     7   Next: 41%
Magic:  1/9        EV: 11    Int: 13    God:
Gold:   190        SH:  0    Dex: 13    Spells: 3/9 levels left

rFire   . . .      SeeInvis +    a - +3 sling
rCold   . . .      Faith    .    (no shield)
rNeg    . . .      Spirit   .    c - +0 leather armour
rPois   .          Reflect  .    (no helmet)
rElec   .          Rampage  .    (no cloak)
rCorr   .                        (no gloves)
Will    .....                    (no boots)
Stlth   ++                       (no amulet)
HPRegen 0.29/turn                v - ring of see invisible
MPRegen 0.11/turn                (no ring)

@: no status effects
A: no striking features
a: no special abilities


You were on level 4 of the Dungeon.
You visited 1 branch of the dungeon, and saw 5 of its levels.

You collected 190 gold pieces.


   Skills:
 + Level 4.0 Fighting
 * Level 5.6 Ranged Weapons
 - Level 2.0 Armour
 + Level 2.8 Stealth
 + Level 1.7 Spellcasting
 * Level 1.7 Air Magic
 * Level 2.8 Poison Magic
 - Level 1.0 Invocations
 + Level 1.1 Evocations


You had 3 spell levels left.
You knew the following spells:

 Your Spells              Type           Power      Damage    Failure   Level
o - Olgreb's Toxic Radia  Pois           8%         N/A       71%         4
z - Poisonous Vapours     Pois/Air       14%        N/A       21%         2

Your spell library contained the following spells:

 Spells                   Type           Power      Damage    Failure   Level
 Sting                    Tmut/Pois      16%        1d3       19%         1
 Cigotuvi's Dreadful Rot  Necr/Pois/Air  10%        N/A       26%         2
 Swiftness                Air            5%         N/A       43%         3
 Ensorcelled Hibernation  Hex/Ice        2%         N/A       45%         2
 Passwall                 Tmut/Erth      0%         N/A       45%         2
 Mephitic Cloud           Conj/Pois/Air  5%         N/A       47%         3

Inventory:

Hand Weapons
 a - a +3 sling (weapon)
 k - a +0 whip of draining
 n - a +0 arbalest
Armour
 c - a +0 leather armour (worn)
Magical Staves
 u - a staff of conjuration {!a}
Jewellery
 v - a ring of see invisible (left hand)
Wands
 p - a wand of polymorph (9)
Scrolls
 b - 5 scrolls of teleportation {@r4}
 e - 2 scrolls of blinking
 f - a scroll of torment {unknown}
 j - 4 scrolls of identify {unknown}
 l - 2 scrolls of brand weapon {unknown}
 o - a scroll of noise {unknown}
 q - 2 scrolls of immolation {unknown}
 r - a scroll of fear {unknown}
 t - a scroll of vulnerability {unknown}
Potions
 d - a potion of cancellation {unknown}
 g - a potion of curing {unknown}
 h - 3 potions of attraction {unknown}
 i - 2 potions of flight {unknown}
 m - a potion of haste {unknown}
 s - a potion of heal wounds {unknown}
 w - a potion of degeneration {unknown}

Dungeon Overview and Level Annotations

Branches:
Dungeon (5/15)
 Temple: D:4-7

Altars:
Kikubaaqudgha
Xom

Annotations:
D:5 Pikel

########.#####.### #.....#..#
### #.# ####..#... #.#
#######..##.# #.#
#.<.......... #####
#.######.#####...###
####...###..........)........
#.................#######..##
▒▒▒▒▒.##...##...####### #..#
.....▒###.##.###@## #..#
≈≈≈≈.▒ #....# #Y.# #..#
≈≈..≈▒
####.###..###########..#
..≈.≈▒ ##...#...........)..#
⚑.≈.≈▒ ###......###########.#
..≈.≈▒ #....##.## #.# ≈≈..≈▒
#.#####.# #.# ≈≈≈≈.▒ #.# #.#
#.## .....▒# ##.## #.# #...


You could see a yak (very poisoned).


Message History

Unknown command.
You shoot a sling bullet.
The sling bullet hits the yak but does no damage.
The yak is severely wounded.
The yak gores you. The yak closely misses you.
Unknown command.
You shoot a sling bullet. The sling bullet barely misses the yak.
The yak gores you.
* * * LOW HITPOINT WARNING * * *
Unknown command.
You shoot a sling bullet. The sling bullet hits the yak.
The yak is almost dead.
The yak barely misses you.
Unknown command.
You shoot a sling bullet.
The sling bullet hits the yak but does no damage.
The yak is almost dead.
The yak gores you!
* * * LOW HITPOINT WARNING * * *
Unknown command.
You shoot a sling bullet. The sling bullet hits the yak.
The yak is almost dead.
The yak gores you.
* * * LOW HITPOINT WARNING * * *
Unknown command.
You shoot a sling bullet.
The sling bullet hits the yak but does no damage.
The yak is almost dead.
The yak barely misses you. The yak gores you!
You die...

Skill      XL: |  1  2  3  4  5  6  7 |
---------------+----------------------+-----
Stealth        | 1 2 |  2.8
Poison Magic   | 1 2 |  2.8
Ranged Weapons | 5 |  5.6
Spellcasting   | 1 |  1.7
Air Magic      | 1 |  1.7
Fighting       | 4 |  4.0
Evocations     | 1 |  1.1
Armour         | |  2.0
Invocations    | |  1.0

Action                     |  1- 3 |  4- 6 |  7- 9 || total
---------------------------+-------+-------+-------++-------
   Fire: Sling             |    64 |   197 |    31 ||   292
   Cast: Poisonous Vapours |       |    10 |    21 ||    31
    Use: Scroll            |       |     2 |     1 ||     3
         Potion            |       |       |     1 ||     1
 Armour: Leather armour    |     4 |    36 |     3 ||    43
  Dodge: Dodged            |    13 |    66 |    15 ||    94

Levels and vault maps discovered:
D:1:      nzn_arrival_water_spiral, layout_basic
D:2:      layout_basic, ebering_ecumenical_altar_rust
D:3:      layout_basic, uniq_jessica, uniq_natasha
D:4:      layout_loops_ring, mainiacjoe_overflow_concentric_impassable,
          mainiacjoe_overflow_paths
D:5:      layout_basic, uniq_pikel, uniq_grinder

Notes
Turn   | Place    | Note
-------+----------+-------------------------------------------
     0 | D:1      | Jeffwins the Human Wanderer began the quest for the Orb.
     0 | D:1      | Jeffwins set off with the following items: a +3 sling, 2
                  | scrolls of teleportation {@r4}, a +0 leather armour.
     0 | D:1      | Reached XP level 1. HP: 18/18 MP: 1/1
    77 | D:1      | Reached XP level 2. HP: 24/24 MP: 2/2
   163 | D:1      | Reached skill level 1 in Stealth
   211 | D:1      | Reached XP level 3. HP: 29/29 MP: 3/3
   768 | D:1      | You fall into a shaft and drop 1 floor!
  1155 | D:2      | Reached XP level 4. HP: 35/35 MP: 4/4
  1182 | D:2      | Found a faded altar of an unknown god.
  1843 | D:3      | Noticed Natasha
  1853 | D:3      | Killed Natasha
  1900 | D:3      | Reached skill level 1 in Poison Magic
  1951 | D:3      | Reached XP level 5. HP: 40/41 MP: 5/5
  1959 | D:3      | Learned a level 4 spell: Olgreb's Toxic Radiance
  2056 | D:3      | Noticed Jessica
  2064 | D:3      | Killed Jessica
  2065 | D:3      | Reached skill level 5 in Ranged Weapons
  2065 | D:3      | Reached skill level 2 in Stealth
  2260 | D:3      | Reached skill level 1 in Spellcasting
  2355 | D:3      | Noticed Natasha
  2364 | D:3      | Killed Natasha
  2365 | D:3      | Reached XP level 6. HP: 46/48 MP: 7/7
  2368 | D:3      | Learned a level 2 spell: Poisonous Vapours
  2382 | D:3      | Noticed Natasha
  2399 | D:3      | Killed Natasha
  2400 | D:3      | Reached skill level 2 in Poison Magic
  2695 | D:4      | Found a shimmering altar of Xom.
  2838 | D:4      | Reached skill level 1 in Air Magic
  3187 | D:4      | Found an ancient bone altar of Kikubaaqudgha.
  3513 | D:5      | Entered Level 5 of the Dungeon
  3533 | D:5      | Noticed a yak
  3958 | D:5      | Reached skill level 4 in Fighting
  3958 | D:5      | Reached XP level 7. HP: 38/54 MP: 9/9
  4157 | D:5      | Noticed Pikel
  4191 | D:5      | Paralysed by Pikel for 5 turns
  4303 | D:5      | Noticed a yak
  4306 | D:5      | Noticed a yak
  4433 | D:5      | Reached skill level 1 in Evocations
  4702 | D:4      | Slain by a yak

Vanquished Creatures
  A phantom (D:5)
  A lemure (D:5)
  2 scorpions
  2 hounds
  An iguana (D:5)
  Jessica (D:3)
  Natasha (thrice) (D:3)
  A gnoll (D:1)
  2 adders
  2 worms
  11 orcs
  9 bats
  8 endoplasms
  3 giant cockroaches
  A hobgoblin (D:4)
  6 jackals (D:3)
  3 quokkas
  6 ball pythons
  3 frilled lizards
  6 goblins
  8 kobolds
  3 rats
83 creatures vanquished.

Table legend: (Time is in decaauts)
 A = Elapsed time spent in this place.
 B = Non-inter-level travel time spent in this place.
 C = Inter-level travel time spent in this place.
 D = Time resting spent in this place.
 E = Time spent auto-exploring this place.
 F = Levels seen in this place.
 G = Mean time per level.
                   A        B        C        D        E       F      G
               +--------+--------+--------+--------+--------+-----+--------+
         Total |   4780 |   4518 |    262 |    391 |   3358 |   5 |  956.0 |
       Dungeon |   4780 |   4518 |    262 |    391 |   3358 |   5 |  956.0 |
               +--------+--------+--------+--------+--------+-----+--------+

Top non-repeatable levels by time:
     D:5: 1086 daAuts
     D:2: 992 daAuts
     D:4: 990 daAuts
     D:1: 861 daAuts
     D:3: 849 daAuts

Table legend:
 A = Non-vault XP
 B = Vault XP
 C = Vault XP percentage of total XP
 D = Non-vault monster count
 E = Vault monster count
 F = Vault count percentage of total count
                 A         B        C        D         E       F
            +---------+---------+-------+---------+---------+-------
      Total |     650 |      72 |  10.0 |      80 |       2 |   2.4
            +---------+---------+-------+---------+---------+-------
        D:1 |      46 |       0 |   0.0 |      21 |       0 |   0.0
        D:2 |      29 |       0 |   0.0 |      10 |       0 |   0.0
        D:3 |     180 |      72 |  28.6 |      33 |       2 |   5.7
        D:4 |     144 |       0 |   0.0 |      10 |       0 |   0.0
        D:5 |     251 |       0 |   0.0 |       6 |       0 |   0.0
            +---------+---------+-------+---------+---------+-------
